 Dungeon Crawl Stone Soup version 0.31.0-12-g77e489cdc1 (webtiles) character file.

Game seed: 15930004424067259988

198 Gadfly the Trooper (level 5, 0/55 HPs)
             Began as an Oni Berserker on Feb 27, 2024.
             Was a Believer of Trog.
             Slain by a gnoll
             ... wielding a +0 club
             ... led by a gnoll bouda
              (3 damage)
             ... on level 4 of the Dungeon.
             The game lasted 00:04:50 (2680 turns).

Gadfly the Trooper (Oni Berserker)                  Turns: 2680, Time: 00:04:50

Health: 0/55       AC:  4    Str: 21    XL:     5   Next: 77%
Magic:  5/5        EV: 10    Int:  8    God:    Trog [**....]
Gold:   142        SH:  0    Dex: 16    Spells: 4/4 levels left

rFire   . . .        a - +1 mace
rCold   . . .        (no shield)
rNeg    . . .        b - +0 animal skin
rPois   .            (helmet restricted)
rElec   .            i - +0 cloak
rCorr   .            (gloves unavailable)
SInv    .            (boots unavailable)
Will    .....        (no amulet)
Stlth   +            f - +6 ring of dexterity
HPRegen 0.29/turn    (no ring)
MPRegen 0.09/turn

%: no passive effects
@: no status effects
A: large, unfitting armour, horns 1, tough skin 1, double potion healing,
drunken brawling
a: Renounce Religion, Berserk, Trog's Hand


You were on level 4 of the Dungeon.
You worshipped Trog.
Trog was pleased with you.
You visited 1 branch of the dungeon, and saw 4 of its levels.

You collected 142 gold pieces.

Inventory:

Hand Weapons
 a - a +1 mace (weapon)
Armour
 b - a +0 animal skin (worn)
 i - a +0 cloak (worn)
Jewellery
 f - a +6 ring of dexterity (left hand)
 l - a ring of positive energy
Wands
 n - a wand of mindburst (18)
Scrolls
 c - a scroll of enchant weapon
 h - a scroll of teleportation
 k - a scroll of immolation
 m - a scroll of identify
Potions
 d - a potion of lignification
 e - 3 potions of curing
 g - a potion of might
 j - a potion of resistance
 o - a potion of heal wounds


   Skills:
 + Level 4.8 Fighting
 * Level 4.2 Maces & Flails
 * Level 2.3 Armour
 - Level 2.6 Dodging
 * Level 2.1 Evocations


You had 4 spell levels left.
You didn't know any spells.
Your spell library was empty.

Dungeon Overview and Level Annotations

Branches:
Dungeon (4/15)
 Temple: D:4-7

Altars:
Ashenzari
Fedhas
Kikubaaqudgha

Shops:
D:2 [   D:3 (


Innate Abilities, Weirdness & Mutations

You are too large for most types of armour.
You have a pair of small horns on your head.
You have tough skin. (AC +1)
You gain doubled healing and magic from potions.
Whenever you drink a healing potion, you attack all around you.


Message History

Trog accepts your kill.
The gnoll hits you from afar with a +0 spear.
The gnoll throws a throwing net.
The throwing net barely misses you. The gnoll attacks as it pursues you!
The gnoll hits you from afar with a +0 spear.
The gnoll attacks as it pursues you!
The gnoll hits you from afar with a +0 spear.
The gnoll barely misses you. The gnoll closely misses you.
The gnoll attacks as it pursues you! The gnoll completely misses you.
The gnoll attacks as it pursues you! The gnoll misses you.
The gnoll attacks as it pursues you! The gnoll closely misses you.
The gnoll hits you but does no damage.
The gnoll hits you from afar with a +0 spear.
There is an open door here.
There is an open door here.
The gnoll closely misses you. The gnoll attacks as it pursues you!
The gnoll closely misses you. The gnoll attacks as it pursues you!
The gnoll hits you from afar with a +0 spear.
The gnoll closely misses you. The gnoll barely misses you.
The gnoll attacks as it pursues you! The gnoll hits you with a +0 club.
The gnoll attacks as it pursues you!
The gnoll hits you from afar with a +0 spear.
The gnoll is no longer moving quickly.
The gnoll attacks as it pursues you!
The gnoll hits you from afar with a +0 halberd.
* * * LOW HITPOINT WARNING * * *
The gnoll attacks as it pursues you!
The gnoll hits you from afar with a +0 spear.
* * * LOW HITPOINT WARNING * * *
The gnoll closely misses you.
The gnoll is no longer moving quickly. x2
The gnoll attacks as it pursues you! The gnoll misses you.
You see here a jackal corpse.
The gnoll attacks as it pursues you! The gnoll closely misses you.
The gnoll attacks as it pursues you!
The gnoll hits you from afar with a +0 halberd!
* * * LOW HITPOINT WARNING * * *
The gnoll attacks as it pursues you! The gnoll hits you with a +0 club.
You die...

....'...............#
....#..g............#
...##.....##o......#
...##o######.g.....##
...g'.....#.........#
..o.#.....#.........#
..g.#.....#....g....#
...##....###..##g..## .
...#############@..###..
..(.'...................
....#...................
....# ..................
...##...................
...# ...................
...# ....##...##########
...# ....##...##....###
.... .................#


You could see 3 gnolls and an orc.

Vanquished Creatures
  A water moccasin (D:3)
  A hound (D:4)
  An adder (D:3)
  A ribbon worm (D:2)
  2 ball pythons (D:2)
  7 bats
  5 endoplasms
  3 giant cockroaches
  5 goblins
  2 jackals (D:4)
  5 quokkas
  5 frilled lizards
  4 kobolds
  A rat (D:1)
43 creatures vanquished.

Notes
Turn   | Place    | Note
-------+----------+-------------------------------------------
     0 | D:1      | Gadfly the Oni Berserker began the quest for the Orb.
     0 | D:1      | Reached XP level 1. HP: 24/24 MP: 1/1
   245 | D:1      | Reached XP level 2. HP: 31/32 MP: 2/2
   283 | D:1      | Found a faded altar of an unknown god.
   876 | D:2      | Reached skill level 1 in Armour
   892 | D:2      | Reached XP level 3. HP: 38/39 MP: 3/3
  1056 | D:2      | Found a broken altar of Ashenzari.
  1128 | D:2      | Reached skill level 1 in Evocations
  1240 | D:2      | Reached ** piety under Trog
  1670 | D:2      | Found Hyesoage's Armour Emporium.
  1716 | D:3      | Found Matioxy's Weapon Shop.
  1720 | D:3      | Noticed a water moccasin
  1737 | D:3      | Killed a water moccasin
  1738 | D:3      | Reached XP level 4. HP: 8/49 MP: 4/4
  1738 | D:3      | Reached XP level 5. HP: 9/55 MP: 5/5
  2117 | D:3      | Found a blossoming altar of Fedhas.
  2119 | D:3      | Found an ancient bone altar of Kikubaaqudgha.
  2680 | D:4      | Slain by a gnoll

Illustrated notes

Levels and vault maps discovered:
D:1:      saegor_arrival_simple_a, layout_rooms,
          shapermc_ecumenical_altar_hornbeckon, lemuel_flame_loot_1
D:2:      minmay_angry_zag, layout_loops_corners, serial_shops, shop,
          basic_altar, corner_web_ring
D:3:      layout_rooms, grunt_temple_overflow_growth_and_decay, serial_bayou,
          serial_bayou_pond_e, serial_bayou_shore_b, serial_bayou_lagoon_a,
          serial_bayou_shore_b, serial_shops, shop
D:4:      layout_gridville, uniq_grinder

Skill      XL: |  1  2  3  4  5 |
---------------+----------------+-----
Armour         | 1 2 |  2.3
Evocations     | 1 2 |  2.1
Maces & Flails | 4 |  4.2
Fighting       | |  4.8
Dodging        | |  2.6

Action                     |  1- 3 |  4- 6 || total
---------------------------+-------+-------++-------
  Melee: Mace              |    63 |    27 ||    90
         Headbutt          |     8 |     3 ||    11
 Invoke: Trog's Hand       |       |     1 ||     1
    Use: Scroll            |     9 |     4 ||    13
         Potion            |     1 |       ||     1
   Stab: Sleeping          |     2 |     1 ||     3
 Armour: Animal skin       |    40 |    30 ||    70
  Dodge: Dodged            |    38 |    28 ||    66
